 Dungeon Crawl Stone Soup version 0.20.1-1-g8b1a95d (webtiles) character file.

966 potam12345 the Sneak (level 7, -7/33 HPs)
             Began as a Spriggan Earth Elementalist on July 14, 2017.
             Was a Believer of Vehumet.
             Mangled by a hornet (14 damage)
             ... on level 7 of the Dungeon.
             The game lasted 00:59:09 (6074 turns).

potam12345 the Sneak (Spriggan Earth Elementalist)  Turns: 6074, Time: 00:59:14

Health: -7/33      AC:  2    Str:  4    XL:     7   Next: 93%
Magic:  30/33      EV: 19    Int: 19    God:    Vehumet [**....]
Gold:   223        SH:  0    Dex: 16    Spells: 7/16 levels left

rFire    . . .     SeeInvis +   z - +0 hand axe (venom)
rCold    . . .     Gourm    .   (shield restricted)
rNeg     . . .     Faith    +   a - +0 robe
rPois    .         Spirit   .   (helmet restricted)
rElec    .         Reflect  .   t - scarf {repulsion}
rCorr    .         Harm     .   (gloves unavailable)
MR       +....                  (boots unavailable)
Stlth    +++.......             C - amulet of faith
Regen    0.2/turn               H - ring of magical power
MPRegen  0.3/turn               v - ring of magical power

@: lethally poisoned (-7 -> -13), slowed, repel missiles, quick
A: unfitting armour, see invisible, herbivore 3, speed 3, slow metabolism 2
a: Renounce Religion


You were on level 7 of the Dungeon.
You worshipped Vehumet.
Vehumet was pleased with you.
You were full.

You visited 1 branch of the dungeon, and saw 6 of its levels.

You collected 277 gold pieces.
You spent 54 gold pieces at shops.

Inventory:

Hand Weapons
 h - a +2 flail of protection
 l - a +0 hand axe
 z - a +0 hand axe of venom (weapon)
Missiles
 b - 110 stones (quivered)
Armour
 a - a +0 robe (worn)
 c - a +1 robe
 g - a +0 pair of gloves
 k - a +0 scale mail
 o - a +0 naga barding
 t - a scarf of repulsion (worn)
Jewellery
 p - an uncursed amulet of inaccuracy
 v - a ring of magical power (right hand)
 C - an amulet of faith (around neck)
 D - an uncursed ring of protection from cold
 H - a ring of magical power (left hand)
Wands
 u - a wand of random effects (14/48)
 B - a wand of acid (6/15)
Scrolls
 n - a scroll of fog
 y - a scroll of enchant weapon
 E - a scroll of enchant armour
 G - a scroll of fear {unknown}
Potions
 q - a potion of heal wounds
 r - 3 potions of lignification {unknown}
 s - a potion of cancellation {unknown}
 w - a potion of degeneration {unknown}
 x - 2 potions of ambrosia {unknown}
 A - a potion of mutation {unknown}
 F - a potion of might {unknown}
Books
 e - a book of Geomancy

   Spells                             Type                      Level
   a - Sandblast                      Earth                        1
   b - Passwall                       Transmutation/Earth          2
   c - Stone Arrow                    Conjuration/Earth            3
   d - Petrify                        Transmutation/Earth          4
   e - Lee's Rapid Deconstruction     Earth                        5
Comestibles
 d - 4 bread rations
 i - 6 fruits
 j - 2 meat rations


   Skills:
 + Level 1.0 Fighting
 + Level 1.5 Maces & Flails
 + Level 4.2 Dodging
 + Level 6.6 Stealth
 + Level 0.1 Unarmed Combat
 - Level 5.2 Spellcasting
 + Level 3.3 Conjurations
   Level 1.3 Transmutations
 + Level 0.4 Ice Magic
 - Level 4.4 Earth Magic
 + Level 1.1 Evocations


You had 7 spell levels left.
You knew the following spells:

 Your Spells              Type           Power        Failure   Level  Hunger
a - Sandblast             Erth           ###...       1%          1    None
b - Stone Arrow           Conj/Erth      ###...       8%          3    ##.....
c - Flame Tongue          Conj/Fire      ##...        6%          1    None
d - Freeze                Ice            #...         11%         1    None
e - Dazzling Spray        Conj/Hex       ##....       19%         3    ##.....


Dungeon Overview and Level Annotations

Branches:
Dungeon (8/15)
 Temple: D:4-7         Lair: D:8-11

Altars:
Elyvilon
Fedhas
Makhleb
Nemelex Xobeh
Qazlal
Sif Muna
Vehumet
Zin
The Shining One

Shops:
D:4 %

Annotations:
D:8 Haldmier's ghost, novice NaAr


Innate Abilities, Weirdness & Mutations

You are very small and have problems with some larger weapons.
You are too small for most types of armour.
You have supernaturally acute eyesight. (SInv)
You are a herbivore.
You cover ground extremely quickly.
You need consume almost no food.


Message History

Confirm with . or Enter, or press ? or * to list all spells.
Aiming: Sandblast
Press: ? - help, Shift-Dir - straight line, f/p - hornet
Aim: a hornet The blast of sand misses the hornet.
b - 111 stones You feel sick.
The hornet completely misses you. The hornet closely misses you.
Casting: Sandblast
Confirm with . or Enter, or press ? or * to list all spells.
Aiming: Sandblast
Press: ? - help, Shift-Dir - straight line, f/p - hornet
Aim: a hornet The blast of sand hits the hornet.
The hornet is moderately wounded.
b - 110 stones You feel sick.
The hornet stings you!
* * * LOW HITPOINT WARNING * * *
You feel as though you will be slow longer.
The hornet stings you!
You die...

#.....# #..#####.##.#
#.....# ##....##..#..
#.....# ####.###....
#.....# #....###.
#.....## ##.....##.
#..(...# #...(...##
#.....[## #.......#
#.......## #.......#
#....@y>.## ##.....##
########..###.......#
##...........#
##..#.......#
##.#.......##
#..#....#...
########.##...####
#........####.....
#.........########


You could see a hornet.

Vanquished Creatures
  A hungry ghost (D:8)
  The ghost of Brainstorm the Insei, an amateur OpTm (D:3)
  2 ogres (D:7)
  A big kobold (D:7)
  A bullfrog (D:7)
  A scorpion (D:4)
  A jelly (D:7)
  An orc priest (D:2)
  A hound (D:7)
  An orc wizard (D:3)
  4 worker ants
  4 adders
  A shadow imp (D:7)
  3 oozes
  An adder zombie (D:7)
  2 dart slugs
  3 leopard geckos
  10 orcs
  A ball python (D:2)
  7 giant cockroaches
  7 goblins
  7 hobgoblins
  6 jackals
  A quokka (D:4)
  10 bats
  4 frilled lizards
  12 kobolds
  11 rats
  A bush (D:1)
106 creatures vanquished.

Notes
Turn   | Place    | Note
-------+----------+-------------------------------------------
     0 | D:1      | potam12345 the Spriggan Earth Elementalist began the quest for the Orb.
     0 | D:1      | Reached XP level 1. HP: 9/9 MP: 5/5
   231 | D:1      | Reached XP level 2. HP: 13/13 MP: 4/6
  1319 | D:1      | Reached XP level 3. HP: 16/16 MP: 4/8
  1780 | D:2      | Found a glowing golden altar of the Shining One.
  1780 | D:2      | Found a white marble altar of Elyvilon.
  1781 | D:2      | Found a glowing silver altar of Zin.
  1805 | D:2      | Became a worshipper of Elyvilon the Healer
  2032 | D:2      | Reached XP level 4. HP: 21/21 MP: 2/10
  2133 | D:2      | Found a faded altar of an unknown god.
  2139 | D:2      | Fell from the grace of Elyvilon
  2139 | D:2      | Became a worshipper of Vehumet
  2139 | D:2      | Reached * piety under Vehumet
  2139 | D:2      | Offered knowledge of Flame Tongue by Vehumet.
  2161 | D:2      | Learned a level 3 spell: Stone Arrow
  2272 | D:2      | Learned a level 1 spell: Flame Tongue
  3063 | D:3      | Found a burning altar of Makhleb.
  3110 | D:3      | Noticed Brainstorm's ghost (amateur OpTm)
  3124 | D:3      | Killed Brainstorm's ghost
  3124 | D:3      | Reached skill level 5 in Spellcasting
  3124 | D:3      | Reached XP level 5. HP: 12/24 MP: 10/13
  3499 | D:3      | Reached XP level 6. HP: 28/28 MP: 14/14
  3552 | D:3      | Found a deep blue altar of Sif Muna.
  3675 | D:3      | Reached skill level 4 in Stealth
  3682 | D:3      | Reached skill level 1 in Conjurations
  3686 | D:3      | Reached ** piety under Vehumet
  3688 | D:3      | Offered knowledge of Freeze by Vehumet.
  3909 | D:3      | Learned a level 1 spell: Freeze
  4391 | D:4      | Found a stormy altar of Qazlal.
  4391 | D:4      | Found a blossoming altar of Fedhas.
  4527 | D:4      | Found Ecacycos's Food Boutique.
  4539 | D:4      | Bought 3 fruits for 54 gold pieces
  4941 | D:4      | Found a sparkling altar of Nemelex Xobeh.
  5087 | D:4      | You fall through a shaft for 3 floors!
  5193 | D:7      | Reached XP level 7. HP: 32/32 MP: 15/15
  5225 | D:7      | Reached skill level 1 in Maces & Flails
  5259 | D:7      | Reached skill level 5 in Stealth
  5506 | D:7      | Offered knowledge of Dazzling Spray by Vehumet.
  5506 | D:7      | Reached skill level 1 in Evocations
  5511 | D:7      | Learned a level 3 spell: Dazzling Spray
  5637 | D:7      | Reached skill level 1 in Fighting
  5637 | D:7      | Reached skill level 6 in Stealth
  5864 | D:8      | Noticed a hungry ghost
  5871 | D:8      | Killed a hungry ghost
  5956 | D:8      | Noticed Haldmier's ghost (novice NaAr)
  6069 | D:7      | Noticed a hornet
  6074 | D:7      | Mangled by a hornet

Skill      XL: |  1  2  3  4  5  6  7 |
---------------+----------------------+-----
Earth Magic    | 3 4 |  4.4
Spellcasting   | 3 5 |  5.2
Stealth        | 4 6 |  6.6
Conjurations   | 2 3 |  3.3
Maces & Flails | 1 |  1.5
Evocations     | 1 |  1.1
Fighting       | 1 |  1.0
Dodging        | 4 |  4.2
Unarmed Combat | |  0.1
Transmutations | |  1.3
Ice Magic      | |  0.4

Action                   |  1- 3 |  4- 6 |  7- 9 || total
-------------------------+-------+-------+-------++-------
Melee: Unarmed           |     7 |       |       ||     7
       Hand axe          |   286 |     1 |     1 ||   288
       Flail             |       |     1 |       ||     1
Throw: Stone             |       |     1 |       ||     1
 Cast: Sandblast         |    59 |    60 |    35 ||   154
       Stone Arrow       |       |    32 |    18 ||    50
       Flame Tongue      |       |     8 |       ||     8
       Freeze            |       |     1 |       ||     1
Evoke: Wand              |       |     1 |     2 ||     3
  Use: Scroll            |     1 |     9 |     4 ||    14
       Potion            |       |     2 |     4 ||     6
  Eat: Fruit             |       |     2 |     1 ||     3
       Royal jelly       |       |     1 |       ||     1
       Bread ration      |       |       |     1 ||     1
Armor: Robe              |     1 |     4 |     2 ||     7
Dodge: Dodged            |    22 |    32 |    22 ||    76
       Deflected         |       |       |     1 ||     1
